[Event "Live Chess"]
[Site "Chess.com"]
[Date "2023.05.21"]
[Round "-"]
[White "Ocelot32"]
[Black "CheckThis4"]
[Result "0-1"]
[WhiteElo "1329"]
[BlackElo "2493"]
[TimeControl "300"]
[EndTime "22:32:43 PDT"]
[Termination "CheckThis4 won by resignation"]

1. e4 d5 2. exd5 Nf6 3. d4 Bg4 4. f3 Bf5 5. Bd3 Bxd3 6. Qxd3 Nxd5 7. Ne2 Nc6 8. O-O g6 9. c4 Ndb4 10. Qe4 f5 11. Qe6 Nxd4 12. Nf4 0-1

[Event "Live Chess"]
[Site "Chess.com"]
[Date "2023.05.21"]
[Round "-"]
[White "MaximKhimchenko"]
[Black "seabuck"]
[Result "0-1"]
[WhiteElo "1374"]
[BlackElo "1890"]
[TimeControl "300"]
[EndTime "22:32:57 PDT"]
[Termination "seabuck won by resignation"]

1. e4 c6 2. Nf3 d5 3. exd5 cxd5 4.
d4 Nc6 5. c4 Nf6 6. cxd5 Nxd5 7.
Bc4 e6 8. O-O Be7 9. Nc3 O-O 10.
Bd3 Nf6 11. Bg5 h6 12. Be3 Nb4 13. Ne4 b6 14. Bb1 Bb7 15. Nxf6+ Bxf6 16. a3 Nd5 17. Qd3 g6 18. Bxh6 Bg7 19. Bxg7 Kxg7 20. Ne5 Qg5 21.
f4 Nxf4 22. Qd2 Nh3+ 23. Kh1 Qxd2 0-1

[Event "Live Chess"]
[Site "Chess.com"]
[Date "2023.05.21"]
[Round "-"]
[White "Rusty_Bridges"]
[Black "Singapourfeuj"]
[Result "0-1"]
[WhiteElo "1440"]
[BlackElo "2200"]
[TimeControl "300"]
[EndTime "22:33:03 PDT"]
[Termination "Singapourfeuj won by resignation"]

1. e4 c5 2. Be2 g6 3. f4 d5 4. e5 h5 5. Nf3 Bg4 6. O-O e6 7. d4 cxd4 8. Nxd4 Bxe2 9. Qxe2 Nc6 10. c3 Nh6 11. Nd2 Nf5 12. N2f3 Bc5 13. Be3 Qb6 14.
Rfd1 Nxe3 15. Qxe3 h4 16. b4 Bxd4 17. Nxd4 h3 18.
g3 Rc8 19. a4 Nxd4 20. Rxd4 a5 21. bxa5 Qxa5 22. Rb4 O-O 23. g4 Rc4 24. f5 Rxb4 25.
cxb4 Qxb4 26. f6 Qxg4+ 27. Qg3 Qd4+ 0-1

[Event "Live Chess"]
[Site "Chess.com"]
[Date "2023.05.21"]
[Round "-"]
[White "profpirate4"]
[Black "Nazarenko_vital"]
[Result "1-0"]
[WhiteElo "1189"]
[BlackElo "1622"]
[TimeControl "300"]
[EndTime "22:33:50 PDT"]
[Termination "profpirate4 won on time"]

1. d4 Nf6 2. c4 e5 3. Nc3 Bb4 4. dxe5 Ng4 5. Nf3 Nc6 6. a3 Bxc3+ 7. bxc3 Ngxe5 8. Qd5 Qe7 9. Bg5 Qe6 10. e4 d6 11. Nd4 Qxd5 12. cxd5 Nxd4 13. cxd4 Ng6 14.
Bb5+ Bd7 15. Bxd7+ Kxd7 16. Rb1 f6 17. Be3 b6 18.
O-O h5 19. Rfc1 h4 20. h3 Ne7 21. Rb3 f5 22. f3 a5 23. Rbc3 Ra7 24. Bg5 Ng8 25.
e5 dxe5 26. dxe5 Nh6 27. Rc6 Re8 28. e6+ Kc8 29. Re1 b5 30. d6 1-0

[Event "Live Chess"]
[Site "Chess.com"]
[Date "2023.05.21"]
[Round "-"]
[White "Grookey2012"]
[Black "YrrriKharkiv"]
[Result "0-1"]
[WhiteElo "563"]
[BlackElo "2039"]
[TimeControl "300"]
[EndTime "22:34:07 PDT"]
[Termination "YrrriKharkiv won by resignation"]

1. e4 e6 2. Nc3 d5 3. exd5 exd5 4. Qf3 c6 5. Nce2 Nf6 6. d3 h6 7.
c4 Bd6 8. cxd5 Nxd5 9. Nf4 O-O 10. Ngh3 Nd7 11. Nxd5 cxd5 12. Qxd5 Nf6 13. Qf3 Re8+ 14. Be2 Bg4 15. Qxb7 Bxe2 16. Bxh6 gxh6 17. g3 Rb8 18. Nf4 Rxb7 0-1

[Event "Live Chess"]
[Site "Chess.com"]
[Date "2023.05.21"]
[Round "-"]
[White "Jo1ts"]
[Black "Long1968"]
[Result "0-1"]
[WhiteElo "826"]
[BlackElo "1058"]
[TimeControl "300"]
[EndTime "22:34:13 PDT"]
[Termination "Long1968 won by resignation"]

1. d4 e6 2. Bf4 Nf6 3. e3 c5 4.
Nf3 Nc6 5. c3 d5 6. Bb5 Bd6 7.
Bxc6+ bxc6 8. Bg3 O-O 9. Nbd2 cxd4 10. cxd4 Nh5 11. Bxd6 Qxd6 12. O-O f5 13. Ne5 g6 14.
Ndf3 f4 15. Ng5 Rf5 16. Nh3 Ba6 17. Re1 Raf8 18. e4 dxe4 19. Rxe4 Rd8 20. Qd2 Rxe5 21. Rxe5 Qxe5 22. Qa5 Qxa5 0-1

[Event "Live Chess"]
[Site "Chess.com"]
[Date "2023.05.21"]
[Round "-"]
[White "MaximKhimchenko"]
[Black "Ocelot32"]
[Result "0-1"]
[WhiteElo "1365"]
[BlackElo "1344"]
[TimeControl "300"]
[EndTime "22:34:19 PDT"]
[Termination "Ocelot32 won by checkmate"]

1. e4 e6 2. Nf3 d5 3. exd5 exd5 4. d4 Nf6 5. c4 c6 6. Nc3 Be6 7. Be2 dxc4 8. O-O Be7 9. Re1 O-O 10. Bg5 Nbd7 11. Ne5 Nd5 12. Bxe7 Qxe7 13. Bxc4 Nxc3 14. bxc3 Nxe5 15. Rxe5 Qf6 16. Bxe6 fxe6 17. Qb3 Qxf2+ 18. Kh1 Qf1+ 19. Rxf1 Rxf1# 0-1

[Event "Live Chess"]
[Site "Chess.com"]
[Date "2023.05.21"]
[Round "-"]
[White "Conradical12"]
[Black "Nazar_777"]
[Result "0-1"]
[WhiteElo "1630"]
[BlackElo "1625"]
[TimeControl "300"]
[EndTime "22:34:36 PDT"]
[Termination "Nazar_777 won by resignation"]

1. e4 e6 2. d4 a6 3. Nf3 h5 4. Nc3 c5 5. d5 Nf6 6. Bg5 Be7 7. d6 Bf8 8. e5 Qb6 9. exf6 gxf6 10. Bxf6 Rg8 11. Bd3 Bxd6 12. h3 Be7 13. Bh7 Rf8 14.
Bg7 Nc6 15. Bxf8 Bxf8 16. Ne4 Nd4 17. Nxd4 cxd4 18. O-O Be7 19. Qxh5 Qc6 20. Rae1 b5 21. Bg8 Bb7 22. Qxf7+ Kd8 23. c3 Bg5 24. f3 Be3+ 25.
Kh1 Kc7 26. cxd4 Bh6 27. Qf6 Rxg8 28. Qxh6 Qd5 29. Rc1+ Bc6 30. Nf6 Qg5 31. Nxg8 Qxg8 32. Qf4+ Kb7 33. Qd6 Qc8 34. Rc4 bxc4 35. Qb4+ Bb5 36. Qxc4 Bxc4 0-1

[Event "Live Chess"]
[Site "Chess.com"]
[Date "2023.05.21"]
[Round "-"]
[White "MaximKhimchenko"]
[Black "Grookey2012"]
[Result "1-0"]
[WhiteElo "1365"]
[BlackElo "563"]
[TimeControl "300"]
[EndTime "22:35:27 PDT"]
[Termination "MaximKhimchenko won by resignation"]

1. e4 d5 2. Nf3 dxe4 3. Ne5 e6 4. Bc4 Bc5 5. O-O Bd6 6. Ng4 Qg5 7. d4 h5 8. Bxg5 Bxh2+ 9. Nxh2 Rh6 10. Bxh6 b5 11. Bxb5+ Kd8 1-0

[Event "Live Chess"]
[Site "Chess.com"]
[Date "2023.05.21"]
[Round "-"]
[White "Conradical12"]
[Black "OleksiyJr1"]
[Result "1-0"]
[WhiteElo "1630"]
[BlackElo "965"]
[TimeControl "300"]
[EndTime "22:35:39 PDT"]
[Termination "Conradical12 won by resignation"]

1. e4 c5 2. Nf3 Nc6 3. Bc4 d6 4. Ng5 e5 5. Nxf7 Qf6 6. Nxh8 Be6 7. Bxe6 Qxe6 8. Qh5+ g6 9. Qxh7 Qg4 10. Qxb7 Nd4 11. Qxa8+ Ke7 12. Qb7+ Ke6 13. Qc8+ Kf6 14. Qxg4 1-0

[Event "Live Chess"]
[Site "Chess.com"]
[Date "2023.05.21"]
[Round "-"]
[White "Grookey2012"]
[Black "Conradical12"]
[Result "0-1"]
[WhiteElo "563"]
[BlackElo "1630"]
[TimeControl "300"]
[EndTime "22:36:22 PDT"]
[Termination "Conradical12 won by resignation"]

1. e4 e5 2. Bc4 Nc6 3. Qf3 Nf6 4. g4 Nd4 5. Qf5 Nxf5 6. exf5 d5 7. Bxd5 Qxd5 8. c4 Qxh1 9. b3 Qxg1+ 10. Ke2 Qxc1 11. Nc3 Qxa1 0-1

[Event "Live Chess"]
[Site "Chess.com"]
[Date "2023.05.21"]
[Round "-"]
[White "KeithArkell"]
[Black "Doge_Dandolo"]
[Result "1-0"]
[WhiteElo "2560"]
[BlackElo "1907"]
[TimeControl "300"]
[EndTime "22:36:27 PDT"]
[Termination "KeithArkell won by resignation"]

1. d4 d5 2. Nf3 Nf6 3. c4 c6 4. Qc2 a6 5. Bg5 Ne4 6. Bf4 Bf5 7. Qb3 Ra7 8. cxd5 cxd5 9. Bxb8 Qxb8 10. Qxd5 e6 11. Qb3 b5 12. Nc3 Bd6 13. Nxe4 Bxe4 14. e3 O-O 15. Bd3 Bxf3 16. gxf3 Rc8 17. f4 Qa8 18.
O-O Rac7 19. a4 b4 20. Qd1 g6 21. Be2 Rc2 22. Bf3 Qb8 23. b3 a5 24. Rb1 Qc7 25.
Be4 Rc3 26. Qe2 Qd8 27. Qa6 Qh4 28. Qxd6 1-0

[Event "Live Chess"]
[Site "Chess.com"]
[Date "2023.05.21"]
[Round "-"]
[White "Jo1ts"]
[Black "Ocelot32"]
[Result "0-1"]
[WhiteElo "825"]
[BlackElo "1345"]
[TimeControl "300"]
[EndTime "22:36:32 PDT"]
[Termination "Ocelot32 won by resignation"]

1. d4 Nf6 2. Bf4 c5 3. Nf3 Qb6 4. b3 cxd4 5. Qxd4 Qc6 6. c4 e6 7. Ne5 Bb4+ 8. Bd2 Bxd2+ 9. Nxd2 Qc7 10. e3 d6 11. Ng4 e5 0-1

[Event "Live Chess"]
[Site "Chess.com"]
[Date "2023.05.21"]
[Round "-"]
[White "tpm07"]
[Black "chessfiction"]
[Result "0-1"]
[WhiteElo "1927"]
[BlackElo "2345"]
[TimeControl "300"]
[EndTime "22:37:01 PDT"]
[Termination "chessfiction won on time"]

1. d4 d5 2. c4 Nc6 3. Nf3 Bg4 4. cxd5 Qxd5 5. Nc3 Qh5 6. e3 O-O-O 7. Be2 e5 8. d5 e4 9. Nd2 Bxe2 10. Qxe2 Qxe2+ 11. Kxe2 Nb4 12. Ndxe4 f5 13. Ng5 Nh6 14. Ne6 Re8 15. Nxf8 Rhxf8 16. a3 Nc2 17. Rb1 Nd4+ 18. Kd3 Nb3 19. Kc2 Nxc1 20. Rbxc1 Ng4 21. Rcf1 f4 22. e4 f3 23. gxf3 Rxf3 24. h3 Nxf2 25. Rh2 Ref8 26. Rg1 g6 27. h4 a6 28. h5 gxh5 29. Rxh5 R8f7 30. e5 b5 31. e6 Re7 32. Rg8+ Kb7 33. Rh8 Rg7 34. R5xh7 Rg2 35. Kb1 Nd3 36. Rh2 Rf1+ 37.
Ka2 Nc1+ 38. Kb1 Nd3+ 39. Ka2 Rgg1 40. Kb3 Nc5+ 41. Kc2 Rc1+ 42. Kd2 Nb3+ 43. Ke3 Rce1+ 44. Re2 Rxe2+ 45. Kxe2 Rg7 46. Rf8 Nd4+ 47. Kd3 Nb3 48. Ke4 Nc5+ 49. Kf5 Rg2 50. e7 Rf2+ 51. Kg6 Rg2+ 52.
Kf7 Rf2+ 53. Ke8 Rxb2 54. Kd8 Kb6 55. e8=Q Nb7+ 56. Ke7 Re2+ 57. Kf7 Rxe8 58. Kxe8 Nd6+ 0-1

[Event "Live Chess"]
[Site "Chess.com"]
[Date "2023.05.21"]
[Round "-"]
[White "KeithArkell"]
[Black "Conradical12"]
[Result "1-0"]
[WhiteElo "2560"]
[BlackElo "1630"]
[TimeControl "300"]
[EndTime "22:37:48 PDT"]
[Termination "KeithArkell won by resignation"]

1. d4 d5 2. Nf3 Nf6 3. c4 c6 4.
Nc3 Bf5 5. cxd5 cxd5 6. Qb3 Qc7 7.
Bf4 Qc6 8. e3 Ne4 9. Bb5 Nd7 10.
Bxc6 bxc6 11. Qb7 Rd8 12. Qxc6 1-0

[Event "Live Chess"]
[Site "Chess.com"]
[Date "2023.05.21"]
[Round "-"]
[White "BillythekidFellowes"]
[Black "mirandaasilva"]
[Result "1-0"]
[WhiteElo "2032"]
[BlackElo "1668"]
[TimeControl "300"]
[EndTime "22:38:48 PDT"]
[Termination "BillythekidFellowes won on time"]

1. e4 c5 2. Nf3 d6 3. d4 cxd4 4. Qxd4 Nf6 5. Bg5 Nbd7 6. Nc3 h6 7. Bh4 g5 8. Bg3 Bg7 9. O-O-O O-O 10. Bc4 a6 11. Rhe1 b5 12. Bb3 Bb7 13. Qe3 Nc5 14. e5 Ng4 15. Qe2 Nxb3+ 16. axb3 Rc8 17. exd6 exd6 18.
Rxd6 Qa5 19. Ne5 Nxe5 20. Bxe5 Bxe5 21. Qxe5 Rfe8 22. Qxe8+ Rxe8 23. Rxe8+ Kg7 24. Re7 Qb4 25. Rdd7 Qf4+ 26. Kb1 Bxg2 27. Nd1 h5 28. Ne3 Bc6 29. Rc7 Be4 30. Ra7 Bg6 31. Rxa6 Qxf2 32. Raa7 Qxh2 33. Rab7 g4 34. Rxb5 g3 35. Rg5 Kf6 36. Ree5 Qh1+ 37. Ka2 Qa8+ 38. Ra5 Qf3 39. Rae5 Qf4 40. Nd5+ Kg7 41.
Nxf4 f6 42. Rxg6+ Kf7 43. Rf5 g2 44. Rfxf6+ Ke7 45. Nd5+ Kd7 46. Rd6+ 1-0

[Event "Live Chess"]
[Site "Chess.com"]
[Date "2023.05.21"]
[Round "-"]
[White "MaximKhimchenko"]
[Black "OleksiyJr1"]
[Result "1-0"]
[WhiteElo "1366"]
[BlackElo "964"]
[TimeControl "300"]
[EndTime "22:39:14 PDT"]
[Termination "MaximKhimchenko won by checkmate"]

1. e4 c5 2. Nf3 Nc6 3. d4 cxd4 4. Nxd4 Nf6 5. Nc3 e5 6. Ndb5 a6 7. Nd6+ Bxd6 8. Qxd6 Qa5 9. Bd2 Qb4 10. Qc7 Qxb2 11. Rb1 Qxc2 12. Rc1 Qb2 13. Na4 Qxa2 14. Nb6 Nxe4 15.
Rd1 O-O 16. Bc4 Nxd2 17. Bxa2 Ne4 18. Nxa8 Nd4 19. Nb6 d5 20. Nxc8 Nc2+ 21. Qxc2 d4 22.
Ne7+ Kh8 23. Bxf7 Rxf7 24. Qc8+ Rf8 25. Qxf8# 1-0

[Event "Live Chess"]
[Site "Chess.com"]
[Date "2023.05.21"]
[Round "-"]
[White "Ocelot32"]
[Black "Tushinskiy"]
[Result "0-1"]
[WhiteElo "1345"]
[BlackElo "2205"]
[TimeControl "300"]
[EndTime "22:39:33 PDT"]
[Termination "Tushinskiy won by resignation"]

1. e4 e5 2. Nf3 d6 3. d4 Bg4 4. dxe5 Nd7 5. exd6 Bxd6 6. Be2 Qe7 7. O-O Ngf6 8. Bg5 O-O-O 9. Nc3 Bxf3 10. Bxf3 Qe5 11. g3 Qxg5 12. Qd4 Bc5 13. Qa4 h5 14. Nb5 Kb8 15.
Qb3 h4 16. Nd4 Bxd4 17. e5 Nc5 18. Qb4 Qxe5 19. c3 Bxf2+ 20. Rxf2 hxg3 21. hxg3 Qxg3+ 22. Rg2 Qxf3 0-1

[Event "Live Chess"]
[Site "Chess.com"]
[Date "2023.05.21"]
[Round "-"]
[White "Biranidun"]
[Black "raminguy"]
[Result "1-0"]
[WhiteElo "2550"]
[BlackElo "1944"]
[TimeControl "300"]
[EndTime "22:39:35 PDT"]
[Termination "Biranidun won by resignation"]

1. e4 e5 2. Nf3 Nc6 3. Bb5 Nf6 4. O-O Nxe4 5. d4 Be7 6. Re1 Nd6 7. Bxc6 dxc6 8.
dxe5 Nf5 9. Qxd8+ Bxd8 10. Bg5 O-O 11. Bxd8 Rxd8 12. Nc3 Be6 13. Rad1 Kf8 14. a3 h6 15. g4 Ne7 16. h3 Ng6 17. Kg2 Ke7 18. Kg3 Rac8 19. Nd4 a6 20. f4 c5 21. Nf5+ Kf8 22. Ne4 b6 23. Ne3 Bd7 24. Nd5 Bc6 25. c4 Ne7 26.
Nec3 b5 27. b3 a5 28. Nxe7 Kxe7 29. cxb5 Bb7 30. Na4 Bd5 31. Nxc5 c6 32. b6 Rb8 33. b7 Rd7 34. Nxd7 Kxd7 35. b4 axb4 36. axb4 Rxb7 37. Rd4 Rb5 38. Ra1 Rb7 39. f5 Ke7 40. Kf4 g6 41.
h4 Rc7 42. Ra5 Rb7 43. Ra8 Rc7 44. Rh8 h5 45. fxg6 fxg6 46. Rxd5 1-0

[Event "Live Chess"]
[Site "Chess.com"]
[Date "2023.05.21"]
[Round "-"]
[White "matt1979"]
[Black "Shepherds_Pie"]
[Result "0-1"]
[WhiteElo "1502"]
[BlackElo "1921"]
[TimeControl "300"]
[EndTime "22:39:37 PDT"]
[Termination "Shepherds_Pie won by resignation"]

1. f4 e5 2. fxe5 d6 3. exd6 Bxd6 4. Nf3 Bg4 5. e3 Nc6 6. Be2 Qd7 7. O-O O-O-O 8. b3 Kb8 9. Bb2 f6 10. c4 Nge7 11. Nc3 Bxf3 12. Bxf3 Ne5 13. Be2 Bb4 14.
a3 Bxc3 15. Bxc3 Nd3 16. Bxd3 Qxd3 17. Qf3 Nc6 18. e4 Rhe8 19. Qxd3 Rxd3 20. Rae1 b6 21. b4 Ne5 22. c5 Nc4 23. cxb6 axb6 24. a4 Nxd2 25.
Bxd2 Rxd2 26. Rf2 Rd4 27. Rfe2 Rxb4 28. a5 bxa5 29. Kf2 Re5 30. Kf3 c5 31. Rd2 Kc7 32.
Red1 Rbxe4 33. Rd7+ Kc6 34. R1d6+ Kb5 35. Rxg7 Kc4 36.
Rxh7 f5 37. Ra6 Kb5 38. Rha7 Ra4 39. Rh6 Rd5 40. Rb7+ Kc4 41. Rh4+ Rd4 42. Rh8 Ra3+ 43. Ke2 Re4+ 44. Kd2 Rd3+ 45. Kc1 Re2 46. Rb2 Rxb2 47. Kxb2 Rd2+ 48. Kc1 Rxg2 49. Rh4+ Kd5 50. Rh5 Ke4 51.
Rh4+ f4 52. Rh8 Ke3 53. h4 f3 54. Re8+ Kf2 55. h5 Rh2 56. Rh8 0-1

[Event "Live Chess"]
[Site "Chess.com"]
[Date "2023.05.21"]
[Round "-"]
[White "smoggyrabbit"]
[Black "CheckThis4"]
[Result "0-1"]
[WhiteElo "1739"]
[BlackElo "2493"]
[TimeControl "300"]
[EndTime "22:40:19 PDT"]
[Termination "CheckThis4 won by resignation"]

1. d4 Nf6 2. Nf3 c5 3. d5 b5 4. Bg5 Bb7 5. Bxf6 exf6 6. e4 a6 7. a4 b4 8. c3 d6 9. a5 Nd7 10. Bd3 Rb8 11. O-O g6 12. Qe2 Qc8 13. cxb4 cxb4 14.
Nbd2 Nc5 15. Rfc1 Bh6 16. e5 fxe5 17. Nxe5 O-O 18. Ng4 Bg7 19. Rc2 Qd7 20. h3 Rbe8 21.
Qf3 f5 22. Ne3 Nxd3 23. Qe2 Nc5 24. Qc4 f4 25. Ng4 h5 26. Nh2 Qf5 27. Nhf3 Bxd5 28.
Qf1 Qxc2 0-1

[Event "Live Chess"]
[Site "Chess.com"]
[Date "2023.05.21"]
[Round "-"]
[White "RockTroll"]
[Black "Hacker_2009"]
[Result "0-1"]
[WhiteElo "2212"]
[BlackElo "1945"]
[TimeControl "300"]
[EndTime "22:40:30 PDT"]
[Termination "Hacker_2009 won by resignation"]

1. d4 Nf6 2. c4 e6 3. g3 d5 4.
Bg2 Be7 5. Nf3 O-O 6. O-O b6 7. cxd5 Nxd5 8. e4 Nf6 9. Nc3 Bb7 10. Qc2 c5 11. Rd1 cxd4 12. Nxd4 Qc8 13. h3 Nc6 14.
Be3 Nxd4 15. Bxd4 Rd8 16. Rac1 Qb8 17. Be3 Bc6 18. Rxd8+ Qxd8 19. e5 Nd5 20. Nxd5 Bxd5 21.
Rd1 Qc8 22. Qxc8+ Rxc8 23. Bxd5 exd5 24. Rxd5 Rc2 25. Rd2 Rxd2 26. Bxd2 Kf8 27. Kg2 Ke8 28. Kf3 Kd7 29. Ke4 Ke6 30. f4 f5+ 31. Kd3 g6 32.
Be3 Kd5 33. g4 Bb4 34. a3 Be7 35. gxf5 gxf5 36. Bd2 h5 37. Ke3 Bh4 38. Kf3 Be7 39.
Ke3 Bh4 40. Kd3 Be7 41. Kc3 Ke4 42. Kc4 a6 43. Bb4 b5+ 44. Kc3 Bh4 45. e6 Kxf4 46. e7 Bxe7 47. Bxe7 Kg3 48. h4 f4 49. Kb4 f3 50.
Bc5 f2 51. Bxf2+ Kxf2 52. Ka5 Kg3 53. Kxa6 Kxh4 54. Kxb5 Kg3 55. a4 h4 56. a5 h3 57.
a6 h2 58. a7 h1=Q 59. Ka6 Kf4 60. b4 Ke5 61. b5 Kd6 62. b6 Qc6 63. Ka5 Qb7 64.
Kb5 Kd5 65. Ka5 Kc5 0-1

[Event "Live Chess"]
[Site "Chess.com"]
[Date "2023.05.21"]
[Round "-"]
[White "raminguy"]
[Black "OleksiyJr1"]
[Result "1-0"]
[WhiteElo "1944"]
[BlackElo "964"]
[TimeControl "300"]
[EndTime "22:40:54 PDT"]
[Termination "raminguy won by resignation"]

1. d4 Nf6 2. Nc3 c6 3. Bf4 d5 4.
e3 Bf5 5. Nf3 e6 6. Ne5 Nbd7 7.
g4 Be4 8. f3 Nxe5 9. dxe5 Bb4 10. exf6 Bxc3+ 11. bxc3 Bg6 12. h4 h6 13. h5 Bh7 14.
fxg7 Rg8 15. Bd3 Rxg7 16. Bxh7 Rxh7 17. Qd3 Qh4+ 1-0

[Event "Live Chess"]
[Site "Chess.com"]
[Date "2023.05.21"]
[Round "-"]
[White "LaupMiths"]
[Black "LutherSullivan"]
[Result "0-1"]
[WhiteElo "1805"]
[BlackElo "2187"]
[TimeControl "300"]
[EndTime "22:41:09 PDT"]
[Termination "LutherSullivan won by resignation"]

1. Nf3 Nf6 2. c4 g6 3. Nc3 d5 4. e3 Bg7 5. b3 O-O 6. Bb2 c6 7. h3 Re8 8. d4 Nbd7 9. cxd5 Nxd5 10. Be2 Qa5 11. Qd2 e5 12. Nxd5 Qxd2+ 13. Kxd2 cxd5 14. dxe5 Nxe5 15. Nxe5 Bxe5 16. Bxe5 Rxe5 17. Bf3 Bf5 18. Rac1 Re7 19. Rhd1 Rd8 20. Kc3 Red7 21. Rd4 Kg7 22.
Rcd1 Rc7+ 23. Kb4 Rc2 24. R1d2 Rxd2 25. Rxd2 Kf6 26. Rxd5 Rc8 27. Rd2 b6 28. Bd5 Rd8 29. Kc3 Rc8+ 30. Kb4 Rd8 31. Kc3 Rb8 32. e4 Be6 33.
Bxe6 Kxe6 34. f4 Rc8+ 35. Kd3 Rc1 36. Rc2 Rd1+ 37. Ke3 Re1+ 38. Kd3 Rd1+ 39. Ke3 Re1+ 40. Kd3 Rf1 41. Ke3 f5 42. e5 g5 43. Rc6+ Kd5 44.
Rd6+ Kc5 45. g3 gxf4+ 46. gxf4 Rh1 47. Rh6 Re1+ 48. Kf2 Ra1 49. Rf6 Rxa2+ 50. Ke3 Rb2 51. Rxf5 Rxb3+ 52. Ke4 Rxh3 53. e6+ Kd6 54. Re5 Ke7 55. f5 Rh4+ 56. Kd5 Rf4 57. Kc6 h5 58. Kb7 h4 59. Kxa7 h3 60. Kxb6 h2 61. Re1 Rxf5 62. Rh1 Rh5 63. Kc6 Kxe6 64. Re1+ Kf5 65. Rh1 Ke4 66.
Re1+ Kf3 0-1

[Event "Live Chess"]
[Site "Chess.com"]
[Date "2023.05.21"]
[Round "-"]
[White "Long1968"]
[Black "profpirate4"]
[Result "0-1"]
[WhiteElo "1048"]
[BlackElo "1203"]
[TimeControl "300"]
[EndTime "22:41:21 PDT"]
[Termination "profpirate4 won on time"]

1. e4 c5 2. c3 Nf6 3. e5 Nd5 4.
Nf3 d6 5. exd6 Qxd6 6. d4 Nc6 7. Bb5 Bd7 8. Qe2 cxd4 9. Nxd4 Nxd4 10. cxd4 Qb4+ 11.
Nc3 Nxc3 12. Bxd7+ Kxd7 13. Qg4+ e6 14. a3 Qa5 15.
Bd2 Rc8 16. Qf3 Qf5 17. Qxf5 exf5 18. bxc3 Re8+ 0-1

[Event "Live Chess"]
[Site "Chess.com"]
[Date "2023.05.21"]
[Round "-"]
[White "Singapourfeuj"]
[Black "HonestJoe1"]
[Result "1-0"]
[WhiteElo "2206"]
[BlackElo "2097"]
[TimeControl "300"]
[EndTime "22:41:22 PDT"]
[Termination "Singapourfeuj won on time"]

1. d4 Nf6 2. Nf3 g6 3. g3 Bg7 4. Bg2 O-O 5. O-O d6 6. Nbd2 Nbd7 7. h3 e5 8. e4 exd4 9. Nxd4 Nc5 10. Re1 Re8 11.
c3 Nd3 12. Re3 Nxc1 13. Rxc1 c6 14. Re1 Qc7 15. Kh2 b6 16. Nc4 Bb7 17. a4 Rad8 18.
b4 d5 19. exd5 Nxd5 20. Ne3 Nxe3 21. Rxe3 Rxe3 22. fxe3 c5 23. bxc5 bxc5 24. Bxb7 cxd4 25. Qf3 dxc3 26. Bd5 Qd7 27. e4 Rf8 28. h4 Kh8 29. a5 f5 30. Qd3 fxe4 31. Bxe4 Qxd3 32. Bxd3 Rf2+ 33. Kh3 Rf3 34. Re1 Bd4 35. Be4 Re3 36.
Rxe3 Bxe3 37. Kg4 Kg7 38. h5 Kf6 39. hxg6 hxg6 40. a6 Bd2 41. Kf3 Ke5 42. Bxg6 Kf6 43. Bc2 Kg7 44. Ke4 Be1 45. g4 Bd2 46. Kd5 Be1 47.
Kc6 Bd2 48. Kb7 Be3 49. g5 Bb6 50. g6 Be3 51. Kc6 Bb6 52. Kd5 Be3 53. Kc4 Bb6 54. Kxc3 1-0

[Event "Live Chess"]
[Site "Chess.com"]
[Date "2023.05.21"]
[Round "-"]
[White "Bakunian2022"]
[Black "Doge_Dandolo"]
[Result "0-1"]
[WhiteElo "761"]
[BlackElo "1907"]
[TimeControl "300"]
[EndTime "22:41:26 PDT"]
[Termination "Doge_Dandolo won by resignation"]

1. e4 d5 2. exd5 Nf6 3. Nc3 Nxd5 4. Nxd5 Qxd5 5. d3 Nc6 6. Nf3 Bg4 7. Be2 e6 8. Bd2 Bd6 9. c4 Qh5 10. Qb3 O-O-O 11.
O-O-O e5 12. h3 Bxf3 13. Bxf3 Qg6 14. Bxc6 bxc6 15. Be3 e4 16. Bxa7 Bf4+ 17. Kb1 exd3 18. Rhe1 d2+ 19. Ka1 Qd3 20. Qb7+ Kxb7 0-1

[Event "Live Chess"]
[Site "Chess.com"]
[Date "2023.05.21"]
[Round "-"]
[White "Grookey2012"]
[Black "KeithArkell"]
[Result "0-1"]
[WhiteElo "563"]
[BlackElo "2560"]
[TimeControl "300"]
[EndTime "22:41:36 PDT"]
[Termination "KeithArkell won by checkmate"]

1. e4 c6 2. Bc4 d5 3. exd5 cxd5 4. Bb5+ Nc6 5. Nc3 Nf6 6. Nf3 Bg4 7. O-O e6 8. h3 Bxf3 9. Qxf3 Be7 10. d3 O-O 11.
Qg3 Re8 12. Bxc6 bxc6 13. Bh6 g6 14. h4 Qb8 15. f4 Qxb2 16. h5 Qxc3 17. hxg6 hxg6 18.
f5 exf5 19. Rxf5 Qxa1+ 20. Kf2 Qd4+ 21. Kf1 Qg4 22. Rg5 Qxg3 23. Rxg3 Bf8 24. Bxf8 Kxf8 25.
Rf3 Kg7 26. Rh3 Rab8 27. Rf3 Rb2 28. Rxf6 Kxf6 29. Kf2 Rxc2+ 30. Kf1 Rh8 31. Ke1 Rh1# 0-1

[Event "Live Chess"]
[Site "Chess.com"]
[Date "2023.05.21"]
[Round "-"]
[White "Nazar_777"]
[Black "nigelst"]
[Result "1-0"]
[WhiteElo "1635"]
[BlackElo "1724"]
[TimeControl "300"]
[EndTime "22:41:37 PDT"]
[Termination "Nazar_777 won by checkmate"]

1. e3 d5 2. h4 e5 3. a3 Nf6 4. c4 c6 5. cxd5 cxd5 6. Nc3 Nc6 7.
Be2 Bd6 8. Nf3 Bc7 9. Qc2 Be6 10. b4 d4 11. Ne4 Nxe4 12. Qxe4 Bd5 13. Qc2 O-O 14.
Ng5 f5 15. Bc4 dxe3 16. dxe3 h6 17. Nf3 Kh8 18. Bb2 Bxf3 19. gxf3 Qe7 20. Rd1 Rad8 21.
Rg1 Rxd1+ 22. Kxd1 Qxh4 23. Ke2 a6 24. Bd3 Ne7 25.
Qxc7 Qf6 26. Qc2 Rc8 27. Qb1 Nd5 28. f4 Nc3+ 29. Bxc3 Rxc3 30. Qb2 Qc6 31. Kd2 Rxd3+ 32. Kxd3 Qe4+ 33. Ke2 exf4 34. Qxg7# 1-0

[Event "Live Chess"]
[Site "Chess.com"]
[Date "2023.05.21"]
[Round "-"]
[White "Jo1ts"]
[Black "chessfiction"]
[Result "0-1"]
[WhiteElo "825"]
[BlackElo "2345"]
[TimeControl "300"]
[EndTime "22:41:47 PDT"]
[Termination "chessfiction won by resignation"]

1. d4 e5 2. dxe5 Nc6 3. Nf3 f6 4. exf6 Nxf6 5. Nc3 Bc5 6. a3 O-O 7. h3 d5 8. Bg5 Be6 9. e3 Kh8 10. Bd3 Qe8 11. Qe2 Qh5 12. Bf4 h6 13. Bxc7 Rac8 14. Bf4 Qf7 15. g4 d4 16. exd4 Nxd4 17. Nxd4 Bxd4 18. Bd2 Rfe8 19. O-O-O Bxg4 20. Qf1 Bxd1 21.
Qxd1 Bxc3 22. Bxc3 Rxc3 23. bxc3 Nd5 24. Bc4 Qf4+ 25.
Kb1 Nxc3+ 0-1

[Event "Live Chess"]
[Site "Chess.com"]
[Date "2023.05.21"]
[Round "-"]
[White "YrrriKharkiv"]
[Black "Nazarenko_vital"]
[Result "0-1"]
[WhiteElo "2012"]
[BlackElo "1637"]
[TimeControl "300"]
[EndTime "22:42:17 PDT"]
[Termination "Nazarenko_vital won by resignation"]

1. d4 Nf6 2. Nf3 b5 3. a4 b4 4. a5 e6 5. c4 c5 6. d5 exd5 7. cxd5 d6 8. Bg5 h6 9. Bf4 Be7 10. e3 O-O 11. Bc4 Ba6 12. b3 Bxc4 13. bxc4 Nbd7 14. Nbd2 Re8 15. Qa4 Bf8 16. O-O Ne4 17.
Nxe4 Rxe4 18. Qc2 Re8 19. Nd2 g6 20. Nb3 Rb8 21. e4 Qh4 22. g3 Qh5 23. f3 g5 24. g4 Qg6 25. Bg3 Bg7 26. Rae1 Be5 27. Kg2 h5 28. h3 Bxg3 29. Kxg3 Qf6 30. Nc1 b3 31. Nxb3 Rb4 32. Nd2 Reb8 33. Rb1 Rb2 34.
Rxb2 Rxb2 35. Qc1 Qf4+ 36. Kg2 Rxd2+ 0-1

[Event "Live Chess"]
[Site "Chess.com"]
[Date "2023.05.21"]
[Round "-"]
[White "matt1979"]
[Black "CheckThis4"]
[Result "0-1"]
[WhiteElo "1502"]
[BlackElo "2493"]
[TimeControl "300"]
[EndTime "22:42:51 PDT"]
[Termination "CheckThis4 won by checkmate"]

1. f4 e5 2. fxe5 d6 3. exd6 Bxd6 4. Nf3 Bg4 5. e3 Nc6 6. Be2 Nf6 7. O-O h5 8. h3 Ne4 9. hxg4 hxg4 10. d3 gxf3 11. dxe4 Rh1+ 12. Kf2 Qh4+ 13. g3 Qxg3# 0-1